 Dungeon Crawl Stone Soup version 0.28.0-43-g3370ac3207 (webtiles) character file.

Game seed: 7180323225957435918

214 adizb the Chopper (level 5, -14/50 HPs)
             Began as a Naga Gladiator on Mar 4, 2022.
             Demolished by Menkaure (22 damage)
             ... on level 4 of the Dungeon.
             The game lasted 00:14:31 (2164 turns).

adizb the Chopper (Naga Gladiator)                  Turns: 2164, Time: 00:14:31

Health: -14/50     AC:  5    Str: 17    XL:     5   Next: 91%
Magic:  5/5        EV: 10    Int:  8    God:
Gold:   106        SH:  0    Dex: 14    Spells: 4/4 levels left

rFire   + . .      SeeInvis +   a - +1 war axe
rCold   + . .      Faith    .   (no shield)
rNeg    . . .      Spirit   .   b - +0 leather armour
rPois   +          Reflect  .   c - +1 helmet
rElec   .          Harm     .   h - scarf {rC+ rF+}
rCorr   .          Rampage  .   (no gloves)
Will    .....                   (no barding)
Stlth   +.........              (no amulet)
HPRegen 0.16/turn               (no ring)
MPRegen 0.09/turn               (no ring)

@: very slow
A: AC +1, large, see invisible, deformed body, poison resistance, slowness 2,
spit poison 1, naga tail 1
a: Spit Poison


You were on level 4 of the Dungeon.
You visited 1 branch of the dungeon, and saw 4 of its levels.

You collected 106 gold pieces.

Inventory:

Hand Weapons
 a - a +1 war axe (weapon)
 j - a +0 war axe
Missiles
 d - 3 throwing nets
Armour
 b - a +0 leather armour (worn)
 c - a +1 helmet (worn)
 h - a scarf of resistance (worn)
Wands
 o - a wand of charming (7)
Scrolls
 e - a scroll of noise {unknown}
 g - a scroll of torment
 i - a scroll of amnesia
 l - a scroll of fear {unknown}
 m - a scroll of teleportation {unknown}
 n - a scroll of vulnerability {unknown}
Potions
 f - a potion of curing
 k - a potion of flight {unknown}


   Skills:
 + Level 3.7 Fighting
 * Level 5.5 Axes
 - Level 1.7 Throwing
 - Level 2.4 Dodging


You had 4 spell levels left.
You didn't know any spells.
Your spell library contained the following spells:

 Spells                   Type           Power      Damage    Failure   Level
 Portal Projectile        Hex/Tloc       0%         N/A       85%         3
 Blade Hands              Tmut           0%         N/A       100%        5
 Excruciating Wounds      Necr           0%         N/A       100%        5


Dungeon Overview and Level Annotations

Branches:
Dungeon (4/15)
 Temple: D:4-7

Altars:
Kikubaaqudgha
Ru

Shops:
D:2 [[:

Annotations:
D:4 Menkaure


Innate Abilities, Weirdness & Mutations

Your serpentine skin is tough. (AC +1)
You have supernaturally acute eyesight. (SInv)
Armour fits poorly on your strangely shaped body.
Your system is resistant to poisons. (rPois)
You cover ground very slowly.
You can spit poison.
You have a snake-like lower body.


Message History

Found 8 gold pieces.
You now have 106 gold pieces (gained 8).
Found a stone staircase leading up.
Found a stone staircase leading up and a stone staircase leading down.
Found a glowing brass wand.
You hear the slow rusting of a very distant drain.
o - a wand of charming (7) Menkaure, Prince of Dust comes into view.
Menkaure shouts!
Menkaure gestures at you while chanting.
You struggle to resist.
Okay, then.
Okay, then.
You hit Menkaure. You punch Menkaure, but do no damage.
Menkaure is moderately damaged.
Menkaure gestures at you while chanting.
Pain shoots through your body!
You barely miss Menkaure.
Menkaure is moderately damaged.
Menkaure barely misses you.
You barely miss Menkaure. Your punch misses Menkaure.
Menkaure is moderately damaged.
Menkaure hits you.
You hit Menkaure.
Menkaure is heavily damaged.
Menkaure closely misses you.
You slash Menkaure!
Menkaure is almost destroyed.
Menkaure casts a spell.
Menkaure seems to speed up.
You hit Menkaure but do no damage.
Menkaure is almost destroyed.
Menkaure calls on the powers of darkness!
Your body is wracked with pain!
You hit Menkaure.
Menkaure is almost destroyed.
Menkaure hits you!
* * * LOW HITPOINT WARNING * * *
Menkaure hits you!!
You die...

#>.<#
#...#
##.##
#.# #.#
#.# ####
#.# ...
#.####M#
#....@.#
########


You could see Menkaure (fast).

Vanquished Creatures
  2 vampire bats (D:3)
  An orc wizard (D:3)
  3 adders
  A worm (D:2)
  2 dart slugs
  3 orcs (D:3)
  8 ball pythons
  5 bats
  3 bat skeletons (D:3)
  2 bat zombies (D:3)
  4 endoplasms
  4 giant cockroaches
  10 hobgoblins (D:1)
  3 quokkas
  8 frilled lizards
  4 goblins
  5 kobolds
  6 rats
74 creatures vanquished.

Notes
Turn   | Place    | Note
-------+----------+-------------------------------------------
     0 | D:1      | adizb the Naga Gladiator began the quest for the Orb.
     0 | D:1      | Reached XP level 1. HP: 19/19 MP: 1/1
    60 | D:1      | Reached XP level 2. HP: 20/26 MP: 2/2
   228 | D:1      | You fall into a shaft and drop 1 floor!
   247 | D:2      | Reached XP level 3. HP: 33/33 MP: 3/3
   332 | D:1      | Reached skill level 4 in Axes
   837 | D:1      | Found a faded altar of an unknown god.
   946 | D:2      | Reached XP level 4. HP: 36/40 MP: 4/4
  1076 | D:2      | Found Zazxeuva's Armour Shoppe.
  1078 | D:2      | Found Isuored's Book Boutique.
  1214 | D:2      | Found Itwutu's Armour Shoppe.
  1505 | D:3      | Found an ancient bone altar of Kikubaaqudgha.
  1510 | D:3      | Reached XP level 5. HP: 45/49 MP: 5/5
  1541 | D:3      | Reached skill level 5 in Axes
  1584 | D:3      | Found a sacrificial altar of Ru.
  1870 | D:3      | Identified the +4 whip "Giquuc" {chaos, rC+ Str+3 Int+6}
  2156 | D:4      | Noticed Menkaure
  2164 | D:4      | Demolished by Menkaure

Illustrated notes

Levels and vault maps discovered:
D:1:      evilmike_arrival_home_sweet_home, layout_loops_corners,
          shapermc_ecumenical_altar_mp_vishouse
D:2:      layout_basic, serial_shops, nicolae_shop_waterfront, shop, shop,
          supply_closet_lemuel, minmay_misc_feat_columns
D:3:      layout_loops_ring, nicolae_ru_great_annihilating_truth,
          kennysheep_vampire_church
D:4:      layout_loops_ring, nicolae_dithmenos_through_a_glass_darkly,
          lightli_sewer_entry_pipes, ebering_dispersal_statue_hall,
          uniq_grinder, uniq_menkaure

Skill      XL: |  1  2  3  4  5 |
---------------+----------------+-----
Axes           | 4 5 |  5.5
Fighting       | 3 |  3.7
Throwing       | |  1.7
Dodging        | |  2.4

Action                   |  1- 3 |  4- 6 || total
-------------------------+-------+-------++-------
Melee: War axe           |    61 |   103 ||   164
       Punch             |       |     2 ||     2
 Abil: Spit Poison       |    29 |    26 ||    55
  Use: Scroll            |     2 |     3 ||     5
Armor: Leather armour    |    17 |    61 ||    78
Dodge: Dodged            |    31 |    71 ||   102
